 Dungeon Crawl Stone Soup version 0.17.2 (webtiles) character file.

204543 magipi the Impaler (level 18, -2/134 HPs)
             Began as a Merfolk Ice Elementalist on June 23, 2016.
             Was the Champion of Sif Muna.
             Slain by a phantasmal warrior (37 damage)
             ... summoned by an ancient champion
             ... in a wizard's laboratory on June 25, 2016.
             The game lasted 05:34:27 (48647 turns).

magipi the Impaler (Merfolk Ice Elementalist)      Turns: 48647, Time: 05:34:27

Health: -2/134     AC: 20    Str:  8    XL:     18   Next: 13%
Magic:  28/32      EV: 21    Int: 22    God:    Sif Muna [******]
Gold:   1316       SH:  0    Dex: 22    Spells: 8 memorised, 14 levels left

rFire  + . .     SeeInvis .     a - +8 glaive of Dullness {chop, rPois rC++ Dex-2}
rCold  + + .     Clarity  .     Q - +1 robe of Cablo {rElec MR+ Int+2 Dex+4}
rNeg   . . .     SustAt   .     (shield currently unavailable)
rPois  +         Gourm    +     r - +2 helmet
rElec  +         Spirit   .     U - +2 cloak {MR+}
rCorr  .         Warding  .     W - +2 pair of gloves {Dex+3}
rMut   .         Stasis   .     g - +2 pair of boots
MR     +++..                    k - amulet of the gourmand
Stlth  ++++......               f - ring of protection from fire
                                m - +5 ring of protection

@: about to teleport, repel missiles, drained, extremely resistant to hostile
enchantments, stealthy
A: change form in water, swift swim
a: Channel Energy, Forget Spell, Renounce Religion
}: 2/15 runes: decaying, serpentine


You were in a wizard's laboratory.
You worshipped Sif Muna.
Sif Muna was exalted by your worship.
You were not hungry.

You visited 7 branches of the dungeon, and saw 38 of its levels.
You also visited: Ice Cave and Wizlab.

You collected 3913 gold pieces.
You spent 2597 gold pieces at shops.

Inventory:

Hand Weapons
 a - the +8 glaive of Dullness (weapon) {chop, rPois rC++ Dex-2}
   (You bought it in a shop on level 13 of the Dungeon)

   It inflicts extra damage upon your enemies.
   It affects your dexterity (-2).
   It greatly protects you from cold.
   It protects you from poison.
 b - a +0 blowgun
Missiles
 N - 11 curare-tipped needles
Armour
 g - a +2 pair of boots (worn)
 r - a +2 helmet (worn)
 Q - the +1 robe of Cablo (worn) {rElec MR+ Int+2 Dex+4}
   (You bought it in a shop on level 15 of the Dungeon)

   It affects your intelligence (+2).
   It affects your dexterity (+4).
   It insulates you from electricity.
   It affects your resistance to hostile enchantments.
 U - a +2 cloak of magic resistance (worn)
 W - a +2 pair of gloves of dexterity (worn)
Jewellery
 c - an uncursed ring of protection from cold
 f - a ring of protection from fire (right hand)
 i - an uncursed ring of see invisible
 k - an amulet of the gourmand (around neck)
 m - a +5 ring of protection (left hand)
 t - an uncursed ring of teleportation
 x - the amulet "Henupp" {Ward +Fly rN+ Str-4 Dex+6}
   (You found it on level 1 of the Vaults)

   [amulet of warding]

   It may prevent the melee attacks of summoned creatures.
   It affects your strength (-4).
   It affects your dexterity (+6).
   It protects you from negative energy.
   It lets you fly.
 D - an uncursed amulet of regeneration
Wands
 s - a wand of digging (14)
 w - a wand of fireball (6)
 B - a wand of draining (4)
 J - a wand of confusion (19)
 M - a wand of heal wounds (5)
 P - a wand of cold (3)
 R - a wand of disintegration (14)
 X - a wand of teleportation (5)
Scrolls
 d - 5 scrolls of magic mapping
 e - 5 scrolls of immolation
 p - a scroll of summoning
 u - 5 scrolls of teleportation
 v - 9 scrolls of remove curse
 z - 6 scrolls of identify
 E - 5 scrolls of fog
 G - 6 scrolls of recharging
 S - a scroll of blinking
Potions
 n - 6 potions of ambrosia
 y - 5 potions of flight
 A - 3 potions of invisibility
 C - 8 potions of haste
 F - 2 potions of resistance
 H - 11 potions of curing
 I - 4 potions of might
 K - 2 potions of brilliance
 L - 2 potions of agility
 O - 5 potions of heal wounds
 V - 4 potions of cancellation
 Z - a potion of magic
Books
 j - the Compendium of Attacks
   (You found it on level 1 of the Vaults)

   Spells                             Type                      Level
   a - Searing Ray                    Conjuration                  2
   b - Throw Frost                    Conjuration/Ice              2
   c - Throw Flame                    Conjuration/Fire             2
   d - Iskenderun's Mystic Blast      Conjuration                  4
   e - Iskenderun's Battlesphere      Conjuration/Charms           5
 Y - a book of the Dragon

   Spells                             Type                      Level
   a - Flame Tongue                   Conjuration/Fire             1
   b - Cause Fear                     Hexes                        4
   c - Bolt of Fire                   Conjuration/Fire             6
   d - Dragon Form                    Transmutation                7
   e - Dragon's Call                  Summoning                    9
Miscellaneous
 T - a fan of gales
Comestibles
 h - 21 fruits
 l - 10 meat rations
 o - 15 bread rations


   Skills:
 - Level 10.1(9.3) Fighting
 - Level 16.2(15.2) Polearms
 + Level 1.9(1.3) Armour
 - Level 10.4(9.6) Dodging
 - Level 9.0(8.2) Stealth
   Level 4.3(3.6) Shields
 - Level 10.0(9.1) Spellcasting
   Level 0.7(0.0) Conjurations
 - Level 5.9(5.1) Charms
 - Level 15.9(15.0) Summonings
 + Level 6.3(5.6) Translocations
 - Level 10.5(9.6) Ice Magic
 - Level 4.9(4.2) Air Magic
 - Level 8.2(7.4) Invocations
 + Level 8.4(7.6) Evocations


You had 14 spell levels left.
You knew the following spells:

 Your Spells              Type           Power        Failure   Level  Hunger
a - Apportation           Tloc           ####......   1%          1    None
b - Blink                 Tloc           N/A          1%          2    None
c - Summon Lightning Spi  Summ/Air       ######..     1%          4    ##.....
d - Monstrous Menagerie   Summ           ######....   2%          6    ######.
f - Freeze                Ice            ####         1%          1    None
i - Summon Ice Beast      Ice/Summ       ######..     1%          4    ##.....
m - Repel Missiles        Chrm/Air       ####..       1%          2    None
o - Ozocubu's Armour      Chrm/Ice       #####...     1%          3    None


Dungeon Overview and Level Annotations

Branches:
Dungeon (15/15)            Temple (1/1) D:6            Lair (8/8) D:10
  Swamp (4/4) Lair:5        Snake (4/4) Lair:4        Slime (0/6) Lair:6
    Orc (4/4) D:10            Elf (0/3) Orc:4        Vaults (2/5) D:14
 Depths (0/5) D:15
  Crypt: Vaults:2-3

Altars:
Ashenzari
Cheibriados
Dithmenos
Elyvilon
Fedhas
Gozag
Kikubaaqudgha
Makhleb
Nemelex Xobeh
Okawaru
Qazlal
Ru
Sif Muna
Trog
Vehumet
Xom
Yredelemnul
Zin
The Shining One
Beogh

Shops:
D:11 ?   D:13 (   D:15 [   Orc:2 [   Orc:4 %!!!

Annotations:
Lair:6 exclusion: 2 oklob plants


Message History

an enchanted mace; a robe
Items here: )) [[ a hand axe; a robe; a mace of freezing; a robe Your manticore disappears in a puff of smoke!
You channel some magical energy.
You channel some magical energy.
You feel somewhat more hungry.
Your harpy disappears in a puff of smoke!
You channel some magical energy.
You feel somewhat more hungry.
You channel some magical energy.
You feel somewhat more hungry.
You channel some magical energy.
You feel somewhat more hungry.
You channel some magical energy.
You feel somewhat more hungry.
You channel some magical energy.
You feel somewhat more hungry.
A hill giant zombie comes into view.
Casting: Monstrous Menagerie
Confirm with . or Enter, or press ? or * to list all spells.
You summon a manticore!
Unknown command.
Unknown command.
Your manticore bites the hill giant zombie!
Your manticore claws the hill giant zombie!
Your manticore claws the hill giant zombie.
You hit the hill giant zombie. The hill giant zombie misses you.
Unknown command.
Your manticore bites the hill giant zombie!
Your manticore claws the hill giant zombie.
Your manticore claws the hill giant zombie but does no damage.
Your lindwurm bites the hill giant zombie.
Your lindwurm claws the hill giant zombie! x2
You slice the hill giant zombie!!
Your manticore bites the hill giant zombie!!
The hill giant zombie is destroyed!
Unknown command.
The ancient champion points at you and mumbles some strange words.
You feel haunted.
You hit the freezing wraith but do no damage.
Unknown command.
You slash the freezing wraith!
The freezing wraith is moderately damaged.
The phantom blinks!
The freezing wraith barely misses you. The freezing wraith misses you.
Your lindwurm breathes flames at the freezing wraith.
The blast of flame hits the freezing wraith.
The freezing wraith is burned terribly!
The freezing wraith is destroyed!
Unknown command.
Attack whom?
Press: ? - help, Dir - move target cursor, f - ancient champion
Aim: an ancient champion, wielding an enchanted great sword and wearing a plate armour You reach to attack!
You hit the ancient champion.
The ancient champion is lightly damaged.
The phantom completely misses your lindwurm.
The ancient champion closely misses your lindwurm.
Your lindwurm bites the ancient champion but does no damage.
Your lindwurm claws the ancient champion but does no damage. x2
Unknown command.
Attack whom?
Press: ? - help, Dir - move target cursor, f/p - ancient champion
Aim: an ancient champion, wielding an enchanted great sword and wearing a plate armour (lightly damaged)
You could not reach far enough!
The phantom barely misses your lindwurm.
Your lindwurm bites the ancient champion but does no damage.
Your lindwurm claws the ancient champion.
Your lindwurm claws the ancient champion but does no damage.
Send 'em back where they came from!
Your lindwurm disappears in a puff of smoke!
Your manticore disappears in a puff of smoke!
An ancient champion comes into view. It is wielding a battleaxe of chopping.
Unknown command.
The ancient champion points at you and mumbles some strange words.
The bolt of negative energy hits you!
You feel drained.
The phantom blinks!
The ancient champion points at you and mumbles some strange words.
You feel haunted.
The ancient champion points at you and mumbles some strange words.
The stone arrow hits you!
The ancient champion points at you and mumbles some strange words.
You feel haunted. The wraith barely misses you.
The ancient champion mumbles some strange words.
The ancient champion seems to speed up.
The phantom blinks!
The phantom closely misses you. The wraith closely misses you.
The phantasmal warrior blinks!
The wraith closely misses you. The wraith closely misses you.
The phantom misses you. The wraith barely misses you.
The wraith closely misses you. The wraith closely misses you.
The phantasmal warrior blinks!
The phantasmal warrior hits you!!
* * * LOW HITPOINT WARNING * * *
Read which item? (? for menu, Esc to quit)
As you read the scroll of teleportation, it crumbles to dust.
You feel strangely unstable.
The phantasmal warrior hits you but does no damage.
The phantom hits you but does no damage.
The wraith barely misses you. x2
Unknown command.
Unknown command.
The phantasmal warrior blinks!
The phantom blinks!
Unknown command.
The phantasmal warrior hits you!!!
You die...

♣#####♣#♣########
..♣..♣.♣.....♣..##
.................#
..)..............♣##
.....).............♣
...#########..)....#
...# #.......# W.##
##.....♣# ###
###W@).# # #.z..♣ #
#WW§.♣ # #.z..# #
#.Wz♣# #.. ..#....#
# .# #. #....♣ # z.
... #....# ### .##
##.z###WW..#


You could see 2 ancient champions, a skeletal warrior, a phantasmal warrior and
3 wraiths.

Vanquished Creatures
  A thorn hunter (Swamp:4)
  3 greater nagas
  A salamander stormcaller (Vaults:2)
  2 vault guards (D:14)
  3 naga warriors
  9 anacondas
  A centaur warrior (Vaults:1)
  3 alligators
  An ogre mage (Vaults:2)
  4 death yaks
  A deep troll earth mage (Vaults:2)
  A thrashing horror (Swamp:4)
  Urug (D:15)
  A naga sharpshooter (Snake:4)
  A salamander mystic (Snake:2)
  2 shock serpents
  3 unseen horrors
  A skeletal warrior (WizLab)
  6 deep trolls
  A shadow wraith (Vaults:2)
  2 shambling mangroves
  3 naga ritualists
  A swamp dragon (Swamp:2)
  A wizard (D:14)
  2 ironbrand convokers (Vaults:1)
  5 mana vipers
  2 wolf spiders (Vaults:1)
  3 hill giants
  A cyclops (Vaults:1)
  5 salamanders
  7 ugly things
  2 guardian serpents
  3 vault sentinels
  19 black mambas
  4 elephants
  2 naga magi
  11 spiny frogs
  A yaktaur (D:14)
  A kobold demonologist (Vaults:1)
  A fire drake (Lair:8)
  2 komodo dragons
  3 trolls
  A deep elf priest (Vaults:1)
  3 polar bears
  3 giant leeches (Swamp:4)
  Prince Ribbit (D:7)
  7 bog bodies
  A boulder beetle (Vaults:2)
  A two-headed ogre (D:11)
  4 blink frogs
  11 slime creatures
  2 shadows
  A vampire (WizLab)
  A redback (Lair:8)
  A wraith (D:12)
  A hippogriff (Lair:8)
  A hill giant zombie (WizLab)
  A wyvern (D:11)
  A deep elf mage (Vaults:1)
  17 yaks
  2 hungry ghosts
  3 deep elf fighters (Vaults:1)
  A mottled dragon (Vaults:1)
  7 wolves
  13 swamp worms
  7 vampire mosquitoes
  A warg (Orc:3)
  10 water moccasins
  17 nagas
  An insubstantial wisp (Swamp:2)
  Duvessa (D:6)
  7 orc warriors
  A necrophage (Swamp:1)
  5 ice beasts
  2 wasps
  A sky beast (D:5)
  5 porcupines
  2 phantoms
  An ogre (Vaults:2)
  A big kobold (D:10)
  3 centaurs
  4 crocodiles
  13 giant frogs
  Dowan (D:6)
  4 scorpions
  5 troll zombies (WizLab)
  5 killer bees
  5 wights
  4 hounds
  A centaur zombie (D:6)
  7 crimson imps
  4 giant frog zombies
  2 centaur skeletons (D:6)
  6 orc priests
  2 jellies
  20 orc wizards
  A giant frog skeleton (D:6)
  5 iguanas
  Natasha (thrice) (D:2)
  15 worker ants
  2 sheep (Lair:2)
  A hound zombie (D:6)
  A hound skeleton (D:4)
  5 worker ant zombies
  9 adders
  A gnoll (D:6)
  2 shadow imps
  48 river rats
  3 oozes
  3 adder skeletons
  5 giant geckos
  102 orcs
  7 hobgoblins
  11 kobolds
  4 quokkas
  A ball python (D:1)
  A ball python skeleton (D:6)
  6 bats
  8 giant cockroaches
  A giant cockroach zombie (D:6)
  A giant gecko zombie (D:6)
  6 giant newts
  11 goblins
  A jackal zombie (D:6)
  A quokka skeleton (D:3)
  A quokka zombie (D:6)
  6 rats
  3 briar patches (Swamp:4)
  A fungus (Lair:7)
635 creatures vanquished.

Vanquished Creatures (collateral kills)
  Norris (Snake:2)
  Vashnia (Snake:2)
  Nikola (Snake:2)
  A tentacled monstrosity (Swamp:4)
  Rupert (Lair:5)
  A thorn hunter (Swamp:3)
  5 greater nagas
  Maud (Lair:5)
  A ghoul (Swamp:1)
  3 ironheart preservers
  A stone giant (Vaults:2)
  2 very ugly things
  A dire elephant (D:15)
  3 vault guards (D:14)
  2 green deaths (Swamp:4)
  Josephine (Lair:5)
  An ogre mage (Vaults:2)
  An ice dragon (Vaults:1)
  A great orb of eyes (Vaults:1)
  12 naga warriors
  18 hydras
  7 anacondas
  6 centaur warriors
  A rakshasa (Vaults:1)
  A deep troll earth mage (Vaults:2)
  8 alligators
  5 shock serpents
  A tengu warrior (D:15)
  17 naga sharpshooters
  A fire crab (Lair:8)
  2 salamander mystics (Snake:2)
  The ghost of DEFE the Nimble, a journeyman SpFi of Kikubaaqudgha (Lair:2)
  An orc high priest (Orc:4)
  5 death yaks
  2 skeletal warriors
  4 deep trolls
  6 naga ritualists
  3 shambling mangroves
  5 hill giants
  4 swamp dragons
  An ironbrand convoker (Vaults:1)
  An orc knight (Vaults:1)
  5 orc sorcerers
  2 griffons
  9 mana vipers
  17 ugly things
  2 deep elf conjurers (D:14)
  7 salamanders
  An oklob plant (Orc:4)
  A wolf spider (Vaults:1)
  A hornet (Swamp:2)
  Maurice (Orc:3)
  4 orange demons (Swamp:4)
  25 black mambas
  4 guardian serpents
  4 vault sentinels (Vaults:1)
  A yaktaur (Vaults:2)
  20 naga magi
  9 elephants
  5 cyclopes
  A gargoyle (D:12)
  A centaur skeleton (D:11)
  10 komodo dragons
  A fire drake (Lair:1)
  12 spiny frogs
  4 giant leeches
  A spriggan druid (Lair:8)
  3 two-headed ogres
  6 trolls
  A merfolk (D:15)
  8 polar bears
  A freezing wraith (Vaults:1)
  5 blink frogs
  27 slime creatures
  12 bog bodies
  A wyvern (D:12)
  3 deep elf magi
  3 redbacks (Lair:8)
  A vampire (D:15)
  6 basilisks
  14 spriggans
  38 yaks
  A shadow (D:15)
  2 hill giant zombies (WizLab)
  A water elemental (D:12)
  3 wraiths (Lair:5)
  3 deep elf fighters (Vaults:1)
  10 wolves
  8 swamp worms
  2 wargs
  4 insubstantial wisps (Swamp:2)
  37 nagas
  5 hippogriffs
  11 vampire mosquitoes
  2 hungry ghosts
  A soldier ant (shapeshifter) (Vaults:2)
  16 water moccasins
  An eye of draining (D:9)
  21 orc warriors
  7 porcupines
  4 necrophages
  2 ice beasts (D:13)
  9 black bears
  An ettin simulacrum (Vaults:2)
  16 wasps
  11 centaurs
  2 large abominations (Swamp:4)
  5 swamp drakes
  8 crocodiles
  11 ogres
  2 big kobolds (D:12)
  9 giant frogs
  3 scorpions
  5 killer bees
  3 troll zombies (WizLab)
  15 wights
  5 electric eels
  A crimson imp (D:12)
  A giant frog zombie (D:9)
  6 iguanas
  29 orc wizards
  38 orc priests
  2 quasits
  3 worker ants
  A giant frog skeleton (D:9)
  4 sheep (Lair:2)
  4 ogre zombies (WizLab)
  2 gnolls (D:6)
  3 adders
  28 river rats
  An ooze (D:7)
  2 adder zombies
  105 orcs
  A ball python (Snake:1)
  A goblin (D:10)
  4 kobolds (D:12)
  A quokka (D:11)
  4 fungi
905 creatures vanquished.

Vanquished Creatures (others)
  A naga ritualist (Snake:2)
  A naga (Snake:3)
  An orc warrior (D:14)
  2 orc wizards (Orc:4)
  28 fungi
  16 plants
49 creatures vanquished.

Grand Total: 1589 creatures vanquished

Notes
Turn   | Place    | Note
--------------------------------------------------------------
     0 | D:1      | magipi the Merfolk Ice Elementalist began the quest for the Orb.
     0 | D:1      | Reached XP level 1. HP: 13/13 MP: 3/3
   408 | D:1      | Reached XP level 2. HP: 14/19 MP: 1/5
   470 | D:1      | Reached skill level 4 in Ice Magic
   980 | D:2      | Reached XP level 3. HP: 20/24 MP: 1/6
  1106 | D:2      | Learned a level 3 spell: Ozocubu's Armour
  1584 | D:2      | Found a glowing silver altar of Zin.
  1790 | D:2      | Noticed Natasha
  1830 | D:2      | Killed Natasha
  1830 | D:2      | Reached skill level 1 in Charms
  1830 | D:2      | Reached skill level 5 in Ice Magic
  1830 | D:2      | Reached XP level 4. HP: 16/30 MP: 2/7
  2498 | D:3      | Reached XP level 5. HP: 25/35 MP: 3/8
  2630 | D:2      | Noticed Natasha
  2636 | D:2      | Killed Natasha
  2652 | D:2      | Noticed Natasha
  2655 | D:2      | Killed Natasha
  3002 | D:4      | Noticed a phantom
  3083 | D:4      | Noticed a phantom
  3117 | D:3      | Learned a level 4 spell: Summon Ice Beast
  3213 | D:3      | Killed a phantom
  3213 | D:3      | Reached XP level 6. HP: 30/41 MP: 1/9
  3531 | D:4      | Found a snail-covered altar of Cheibriados.
  3625 | D:4      | Noticed an orc warrior
  3645 | D:4      | Killed an orc warrior
  3739 | D:4      | Reached XP level 7. HP: 46/46 MP: 10/10
  4047 | D:5      | Entered Level 5 of the Dungeon
  4113 | D:5      | Reached skill level 5 in Charms
  4339 | D:5      | Found a sacrificial altar of Ru.
  5042 | D:5      | Reached skill level 5 in Summonings
  5065 | D:6      | Reached XP level 8. HP: 39/52 MP: 11/11
  5190 | D:6      | Found a radiant altar of Vehumet.
  5466 | D:6      | Reached skill level 6 in Summonings
  5479 | D:6      | Found a staircase to the Ecumenical Temple.
  5492 | Temple   | Entered the Ecumenical Temple
  5545 | Temple   | Became a worshipper of Sif Muna the Loreminder
  5634 | D:6      | Noticed Duvessa
  5892 | D:6      | Reached skill level 7 in Summonings
  6321 | D:6      | Reached * piety under Sif Muna
  6713 | D:7      | Noticed Prince Ribbit
  6820 | D:7      | Reached XP level 9. HP: 41/57 MP: 3/12
  7032 | D:6      | Reached skill level 8 in Summonings
  7751 | D:8      | Reached ** piety under Sif Muna
  8081 | D:8      | Found an opulent altar of Gozag.
  8082 | D:8      | Found a shattered altar of Ashenzari.
  8084 | D:8      | Found an ancient bone altar of Kikubaaqudgha.
  8084 | D:8      | Found a shimmering altar of Xom.
  8086 | D:8      | Found a glowing golden altar of the Shining One.
  8086 | D:8      | Found a bloodstained altar of Trog.
  8087 | D:8      | Found an iron altar of Okawaru.
  8221 | D:8      | Found a shimmering altar of Xom.
  9187 | D:9      | Reached skill level 1 in Fighting
 10325 | D:10     | Entered Level 10 of the Dungeon
 10537 | D:10     | Found a staircase to the Orcish Mines.
 10663 | D:10     | Reached XP level 10. HP: 70/70 MP: 7/15
 11072 | D:9      | Reached skill level 1 in Polearms
 12165 | D:11     | Reached skill level 5 in Dodging
 12267 | D:11     | Found Kysiedgh's Magic Scroll Emporium.
 12270 | D:11     | Bought a scroll of enchant armour for 105 gold pieces
 12270 | D:11     | Bought a scroll of teleportation for 42 gold pieces
 12270 | D:11     | Bought a scroll of teleportation for 42 gold pieces
 12270 | D:11     | Bought a scroll of teleportation for 42 gold pieces
 12270 | D:11     | Bought a scroll of identify for 28 gold pieces
 12270 | D:11     | Bought a scroll of identify for 28 gold pieces
 12274 | D:11     | Bought a scroll of teleportation for 42 gold pieces
 12407 | D:11     | Reached skill level 5 in Polearms
 12895 | D:11     | Noticed a hill giant
 13103 | D:10     | Killed an unseen horror
 13743 | D:10     | Found a staircase to the Lair.
 13958 | Orc:1    | Entered Level 1 of the Orcish Mines
 13984 | D:10     | Reached XP level 11. HP: 49/77 MP: 14/17
 14087 | D:10     | Noticed a centaur warrior
 14126 | D:10     | Killed a centaur warrior
 14126 | D:10     | Reached skill level 9 in Polearms
 14367 | D:11     | Killed a hill giant
 14653 | D:11     | Reached skill level 10 in Polearms
 14666 | D:11     | Reached *** piety under Sif Muna
 15223 | D:12     | Reached skill level 10 in Dodging
 15607 | D:12     | Noticed a hill giant
 15614 | D:12     | Killed a hill giant
 16107 | D:12     | Noticed a hill giant
 16121 | D:12     | Noticed a skeletal warrior
 16309 | D:12     | Killed a hill giant
 16615 | D:9      | Found a runed door.
 16619 | D:9      | Found a runed door.
 17195 | D:9      | Noticed a deep troll
 17195 | D:9      | Noticed a deep troll
 17501 | D:9      | Killed a deep troll
 17555 | D:8      | Killed a deep troll
 17555 | D:8      | Reached **** piety under Sif Muna
 17806 | D:9      | Noticed a deep troll
 17806 | D:9      | Noticed a deep troll
 17825 | D:9      | Killed a deep troll
 18032 | D:9      | Reached skill level 5 in Spellcasting
 18053 | D:9      | Killed a deep troll
 18053 | D:9      | Reached XP level 12. HP: 53/83 MP: 1/20
 18286 | D:7      | Killed Prince Ribbit
 18555 | D:6      | Noticed Dowan
 18560 | D:6      | Killed Duvessa
 18562 | D:6      | Killed Dowan
 18746 | Lair:1   | Entered Level 1 of the Lair of Beasts
 19348 | Lair:1   | Reached ***** piety under Sif Muna
 19557 | Lair:1   | Noticed a seven-headed hydra
 19564 | Lair:1   | Killed a seven-headed hydra
 20168 | Lair:2   | Noticed DEFE's ghost (journeyman SpFi)
 20197 | Lair:2   | Killed DEFE's ghost
 21192 | Lair:3   | Reached skill level 10 in Ice Magic
 21629 | Lair:3   | Reached ****** piety under Sif Muna
 21693 | Lair:4   | Reached skill level 10 in Summonings
 21702 | Lair:4   | Received a gift from Sif Muna
 21725 | Lair:4   | Identified Sif Muna's Handbook of Summoning (Sif Muna gifted it to you on level 4 of the Lair of Beasts)
 22133 | Lair:4   | Found a staircase to the Snake Pit.
 22224 | Lair:4   | Noticed a death yak
 22811 | Lair:4   | Noticed a death yak
 22812 | Lair:4   | Noticed a death yak
 22812 | Lair:4   | Noticed a death yak
 22821 | Lair:4   | Noticed a death yak
 22872 | Lair:4   | Killed a death yak
 22872 | Lair:4   | Reached XP level 13. HP: 84/88 MP: 12/26
 22914 | Lair:5   | Noticed Maud
 22948 | Lair:5   | Noticed Rupert
 23024 | Lair:5   | Found a frozen archway.
 23060 | IceCv    | Entered an ice cave
 23109 | Lair:5   | Found a staircase to the Swamp.
 23333 | Lair:5   | Learned a level 4 spell: Summon Lightning Spire
 23466 | Lair:5   | Learned a level 6 spell: Monstrous Menagerie
 23481 | Lair:5   | Noticed Josephine
 23529 | Lair:5   | Killed Josephine
 24148 | Lair:6   | Found a staircase to the Slime Pits.
 24192 | Lair:6   | Reached skill level 1 in Air Magic
 24549 | Lair:7   | Reached skill level 10 in Spellcasting
 25022 | Lair:7   | Reached skill level 11 in Summonings
 25547 | Lair:8   | Entered Level 8 of the Lair of Beasts
 25608 | Lair:8   | Reached skill level 1 in Invocations
 26741 | Lair:8   | Received a gift from Sif Muna
 26837 | Lair:8   | Reached XP level 14. HP: 95/95 MP: 3/28
 26880 | Lair:8   | Reached skill level 12 in Summonings
 27382 | Lair:5   | Reached skill level 5 in Invocations
 27762 | Lair:5   | Killed Maud
 27925 | Lair:5   | Killed Rupert
 27981 | Lair:4   | Killed a death yak
 27987 | Lair:4   | Killed a death yak
 27990 | Lair:4   | Killed a death yak
 27995 | Lair:4   | Killed a death yak
 28288 | D:12     | Noticed a centaur warrior
 28295 | D:12     | Killed a centaur warrior
 28422 | D:12     | Killed a skeletal warrior
 29204 | D:13     | Found Ulabee's Antique Weapon Shop.
 29209 | D:13     | Bought an ancient glaive for 287 gold pieces
 29213 | D:13     | Identified the +8 glaive of Dullness {chop, rPois rC++ Dex-2} (You bought it in a shop on level 13 of the Dungeon)
 29798 | D:15     | Entered Level 15 of the Dungeon
 29938 | D:15     | Found a sparkling altar of Nemelex Xobeh.
 30114 | D:15     | Found Zewa's Antique Armour Emporium.
 30123 | D:15     | Bought a faintly humming robe for 199 gold pieces
 30123 | D:15     | Bought a glowing cloak for 157 gold pieces
 30123 | D:15     | Bought a pair of runed gloves for 157 gold pieces
 30123 | D:15     | Bought a runed cloak for 157 gold pieces
 30124 | D:15     | Identified the +1 robe of Cablo {rElec MR+ Int+2 Dex+4} (You bought it in a shop on level 15 of the Dungeon)
 30213 | D:15     | Found a staircase to the Depths.
 30213 | D:15     | Noticed Urug
 30289 | D:15     | Killed Urug
 30452 | D:15     | Reached skill level 5 in Fighting
 30992 | Orc:1    | Found a roughly hewn altar of Beogh.
 31369 | Orc:1    | Found a roughly hewn altar of Beogh.
 31600 | Orc:2    | Found Midghes's Antique Armour Shoppe.
 31767 | Orc:3    | Noticed Maurice
 31776 | Orc:3    | Killed Maurice
 32423 | Orc:3    | You fall through a shaft!
 32423 | Orc:4    | Entered Level 4 of the Orcish Mines
 32676 | Orc:4    | Found a staircase to the Elven Halls.
 34325 | Orc:4    | Found Bezi's Food Boutique.
 34326 | Orc:4    | Found Ohaaguadgh's Distillery.
 34329 | Orc:4    | Found Vupsoh's Distillery.
 34329 | Orc:4    | Found Immit's Distillery.
 34344 | Orc:4    | Bought a potion of resistance for 160 gold pieces
 34431 | Orc:4    | Bought a potion of curing for 42 gold pieces
 34431 | Orc:4    | Bought a potion of curing for 42 gold pieces
 34431 | Orc:4    | Bought a potion of curing for 42 gold pieces
 34431 | Orc:4    | Bought a potion of curing for 42 gold pieces
 34432 | Orc:4    | Bought a potion of invisibility for 104 gold pieces
 34432 | Orc:4    | Bought a potion of magic for 104 gold pieces
 34432 | Orc:4    | Bought a potion of curing for 39 gold pieces
 34434 | Orc:4    | Bought a potion of resistance for 160 gold pieces
 34434 | Orc:4    | Bought a potion of haste for 160 gold pieces
 34434 | Orc:4    | Bought a potion of haste for 160 gold pieces
 34434 | Orc:4    | Bought a potion of heal wounds for 80 gold pieces
 34434 | Orc:4    | Bought a potion of curing for 48 gold pieces
 34434 | Orc:4    | Bought a potion of magic for 128 gold pieces
 34840 | Swamp:1  | Entered Level 1 of the Swamp
 34847 | Swamp:1  | Reached skill level 13 in Summonings
 34963 | Swamp:1  | Noticed a ghoul
 34980 | Swamp:1  | Killed a ghoul
 35566 | Swamp:1  | Reached XP level 15. HP: 108/108 MP: 11/29
 36181 | Swamp:2  | Received a gift from Sif Muna
 37135 | Swamp:3  | Noticed a thorn hunter
 37141 | Swamp:3  | Killed a thorn hunter
 37315 | Swamp:3  | Reached skill level 14 in Summonings
 37413 | Swamp:4  | Entered Level 4 of the Swamp
 37473 | Swamp:4  | Noticed a thorn hunter
 37491 | Swamp:4  | Killed a thorn hunter
 38861 | Swamp:4  | Noticed a tentacled monstrosity
 38873 | Swamp:4  | Killed a tentacled monstrosity
 39229 | Swamp:4  | Reached skill level 10 in Fighting
 39335 | Swamp:4  | Got a decaying rune of Zot
 39638 | Snake:1  | Entered Level 1 of the Snake Pit
 39691 | Snake:1  | Reached XP level 16. HP: 103/122 MP: 21/30
 40286 | Snake:1  | Reached skill level 15 in Summonings
 40681 | Snake:2  | Noticed Vashnia
 40703 | Snake:2  | Killed Vashnia
 41056 | Snake:2  | Reached skill level 15 in Polearms
 41097 | Snake:2  | Noticed Norris
 41106 | Snake:2  | Killed Norris
 41162 | Snake:2  | Noticed Nikola
 41206 | Snake:2  | Killed Nikola
 41732 | Snake:2  | Reached skill level 1 in Evocations
 42041 | Snake:2  | Reached skill level 16 in Polearms
 42427 | Snake:2  | Learned a level 1 spell: Apportation
 42430 | Snake:2  | Learned a level 2 spell: Blink
 42673 | Snake:3  | Reached skill level 1 in Translocations
 43034 | Snake:3  | Got a creamy pearl robe
 43035 | Snake:3  | Identified the +1 robe of Valour {Str+2 Slay+3} (You found it on level 3 of the Snake Pit)
 43506 | Snake:3  | Reached XP level 17. HP: 97/128 MP: 14/31
 43743 | Snake:4  | Entered Level 4 of the Snake Pit
 44033 | Snake:4  | Received a gift from Sif Muna
 44045 | Snake:4  | Identified Sif Muna's Incunabulum of Talismans (Sif Muna gifted it to you on level 4 of the Snake Pit)
 44049 | Snake:4  | Learned a level 2 spell: Repel Missiles
 44308 | Snake:4  | Reached skill level 5 in Evocations
 44375 | Snake:4  | Reached skill level 5 in Stealth
 44512 | Snake:4  | Found a glowing silver altar of Zin.
 45292 | Snake:4  | Got a serpentine rune of Zot
 46209 | D:14     | Found a gate to the Vaults.
 46276 | Vaults:1 | Entered Level 1 of the Vaults
 46336 | Vaults:1 | Identified a scroll of acquirement
 46401 | Vaults:1 | Reached skill level 5 in Translocations
 47451 | Vaults:1 | Got a flickering brass amulet
 47452 | Vaults:1 | Identified the amulet "Henupp" {Ward +Fly rN+ Str-4 Dex+6} (You found it on level 1 of the Vaults)
 47647 | Vaults:1 | Identified the Compendium of Attacks
 48095 | Vaults:2 | Reached XP level 18. HP: 131/134 MP: 27/32
 48164 | Vaults:2 | Reached skill level 1 in Armour
 48387 | Vaults:2 | Found a magical portal.
 48421 | WizLab   | Entered Zonguldrok's Shrine
 48647 | WizLab   | Slain by a phantasmal warrior

Action                   |  1- 3 |  4- 6 |  7- 9 | 10-12 | 13-15 | 16-18 || total
-------------------------+-------+-------+-------+-------+-------+-------++-------
Melee: Whip              |     8 |       |       |       |       |       ||     8
       Unarmed           |     5 |       |       |       |       |       ||     5
       Dagger            |    38 |   155 |   507 |     2 |       |       ||   702
       Spear             |     5 |       |       |       |       |       ||     5
       Trident           |       |       |       |   945 |   506 |       ||  1451
       Glaive            |       |       |       |       |   510 |   573 ||  1083
 Cast: Freeze            |    40 |    39 |    75 |    22 |     6 |       ||   182
       Ozocubu's Armour  |       |     1 |       |    18 |    24 |    27 ||    70
       Summon Ice Beast  |       |       |    57 |   225 |    74 |     1 ||   357
       Monstrous Menager |       |       |       |       |   279 |   207 ||   486
       Summon Lightning  |       |       |       |       |    13 |    11 ||    24
       Repel Missiles    |       |       |       |       |       |     3 ||     3
Invok: Channel Energy    |       |       |       |     1 |    66 |    70 ||   137
Evoke: Wand              |       |       |       |     7 |     3 |     3 ||    13
  Use: Scroll            |     5 |     4 |    13 |    14 |    13 |    15 ||    64
       Potion            |       |       |     4 |     1 |     2 |     1 ||     8
 Stab: Sleeping          |     6 |     6 |     8 |     5 |     9 |    17 ||    51
       Distracted        |       |     1 |     4 |    17 |    29 |    28 ||    79
  Eat: Chunk             |     3 |     6 |    20 |    58 |   170 |    68 ||   325
       Pizza             |       |     1 |     4 |     1 |     1 |     1 ||     8
       Royal jelly       |       |       |     1 |       |     1 |     1 ||     3
       Meat ration       |       |       |     2 |       |       |     1 ||     3
       Beef jerky        |       |       |     1 |       |       |     1 ||     2
       Fruit             |       |       |       |    19 |     4 |    19 ||    42
       Bread ration      |       |       |       |     2 |       |     3 ||     5

Action                   |  1- 3 |  4- 6 |  7- 9 | 10-12 | 13-15 | 16-18 || total
-------------------------+-------+-------+-------+-------+-------+-------++-------
Melee: Whip              |     8 |       |       |       |       |       ||     8
       Unarmed           |     5 |       |       |       |       |       ||     5
       Dagger            |    38 |   155 |   507 |     2 |       |       ||   702
       Spear             |     5 |       |       |       |       |       ||     5
       Trident           |       |       |       |   945 |   506 |       ||  1451
       Glaive            |       |       |       |       |   510 |   573 ||  1083
 Cast: Freeze            |    40 |    39 |    75 |    22 |     6 |       ||   182
       Ozocubu's Armour  |       |     1 |       |    18 |    24 |    27 ||    70
       Summon Ice Beast  |       |       |    57 |   225 |    74 |     1 ||   357
       Monstrous Menager |       |       |       |       |   279 |   207 ||   486
       Summon Lightning  |       |       |       |       |    13 |    11 ||    24
       Repel Missiles    |       |       |       |       |       |     3 ||     3
Invok: Channel Energy    |       |       |       |     1 |    66 |    70 ||   137
Evoke: Wand              |       |       |       |     7 |     3 |     3 ||    13
  Use: Scroll            |     5 |     4 |    13 |    14 |    13 |    15 ||    64
       Potion            |       |       |     4 |     1 |     2 |     1 ||     8
 Stab: Sleeping          |     6 |     6 |     8 |     5 |     9 |    17 ||    51
       Distracted        |       |     1 |     4 |    17 |    29 |    28 ||    79
  Eat: Chunk             |     3 |     6 |    20 |    58 |   170 |    68 ||   325
       Pizza             |       |     1 |     4 |     1 |     1 |     1 ||     8
       Royal jelly       |       |       |     1 |       |     1 |     1 ||     3
       Meat ration       |       |       |     2 |       |       |     1 ||     3
       Beef jerky        |       |       |     1 |       |       |     1 ||     2
       Fruit             |       |       |       |    19 |     4 |    19 ||    42
       Bread ration      |       |       |       |     2 |       |     3 ||     5
